 Dungeon Crawl Stone Soup version 0.30-b1-2-g02819fbbbe (webtiles) character file.

Game seed: 11833563056043822390

189 Borgoz the Cudgeller (level 5, -4/33 HPs)
             Began as a Gargoyle Berserker on June 17, 2023.
             Was a Follower of Trog.
             Slain by Eustachio
             ... wielding a +2 rapier of electrocution
              (6 damage)
             ... on level 4 of the Dungeon.
             The game lasted 00:02:54 (1773 turns).

Borgoz the Cudgeller (Gargoyle Berserker)           Turns: 1773, Time: 00:02:55

Health: -4/33      AC: 10    Str: 20    XL:     5   Next: 68%
Magic:  5/5        EV: 11    Int:  8    God:    Trog [*.....]
Gold:   82         SH:  0    Dex: 17    Spells: 4/4 levels left

rFire   . . .        a - +0 mace
rCold   . . .        (no shield)
rNeg    + . .        b - +0 scale mail
rPois   ∞            (no helmet)
rElec   +            (no cloak)
rCorr   .            (no gloves)
SInv    .            (no boots)
Will    .....        (no amulet) Stlth
                     i - +6 ring of dexterity
HPRegen 0.25/turn    (no ring)
MPRegen 0.09/turn

%: no passive effects
@: mighty, on berserk cooldown, slowed, very slow
A: sickness immunity, AC +4, negative energy resistance 1, electricity
resistance, torment resistance 1, petrification resistance
a: Renounce Religion, Berserk


You were on level 4 of the Dungeon.
You worshipped Trog.
Trog was aware of your devotion.
You visited 1 branch of the dungeon, and saw 4 of its levels.

You collected 82 gold pieces.

Inventory:

Hand Weapons
 a - a +0 mace (weapon)
Armour
 b - a +0 scale mail (worn)
Jewellery
 i - a +6 ring of dexterity (left hand)
Scrolls
 c - a scroll of silence {unknown}
 e - a scroll of amnesia {unknown}
 j - a scroll of teleportation {unknown}
 l - a scroll of poison {unknown}
 n - a scroll of butterflies {unknown}
 o - 2 scrolls of enchant weapon {unknown}
 p - a scroll of noise {unknown}
Potions
 d - a potion of heal wounds
 g - 3 potions of curing {unknown}
 h - a potion of berserk rage {unknown}
 k - a potion of magic {unknown}
 m - a potion of flight {unknown}


   Skills:
 + Level 4.2 Fighting
 * Level 4.5 Maces & Flails
 + Level 3.3 Armour
 + Level 2.4 Dodging


You had 4 spell levels left.
You didn't know any spells.
Your spell library was empty.

Dungeon Overview and Level Annotations

Branches:
Dungeon (4/15)
 Temple: D:4-7

Altars:
Nemelex Xobeh

Shops:
D:1 **:   D:2 (

Annotations:
D:1 1 transporter
D:4 Eustachio


Innate Abilities, Weirdness & Mutations

You are immune to sickness and miasma.
Your stone body is resilient. (AC +4)
You are immune to poison.
You resist negative energy. (rN+)
You are resistant to electric shocks. (rElec)
You are resistant to unholy torment.
You are immune to petrification.


Message History

The quokka barely misses you. The giant cockroach barely misses you.
You feel very mighty all of a sudden. The quokka completely misses you.
The quokka closely misses you.
Eustachio hits you with a +2 rapier of electrocution.
The quokka barely misses you.
The crimson imp blinks!
The giant cockroach bites you but does no damage.
The quokka closely misses you. Eustachio barely misses you.
The quokka bites you but does no damage. x2
You barely miss Eustachio.
Eustachio is severely wounded.
The giant cockroach barely misses you. The quokka misses you.
The quokka bites you but does no damage.
The quokka closely misses you.
Eustachio hits you with a +2 rapier of electrocution.
* * * LOW HITPOINT WARNING * * *
The giant cockroach bites you but does no damage.
The quokka barely misses you.
The crimson imp blinks!
The quokka bites you but does no damage. x2
Eustachio hits you but does no damage.
The giant cockroach bites you but does no damage.
You sock the quokka!
You kill the quokka!
Trog accepts your kill. The bat misses you. The quokka bites you.
* * * LOW HITPOINT WARNING * * *
The quokka bites you but does no damage.
The giant cockroach barely misses you. The quokka closely misses you.
Eustachio hits you with a +2 rapier of electrocution.
* * * LOW HITPOINT WARNING * * *
The ufetubus barely misses you. The ufetubus misses you.
The quokka barely misses you.
The crimson imp blinks!
You closely miss Eustachio.
Eustachio is severely wounded.
The ufetubus hits you but does no damage.
The ufetubus hits you.
* * * LOW HITPOINT WARNING * * *
The giant cockroach barely misses you.
The quokka bites you but does no damage. x2
Eustachio hits you with a +2 rapier of electrocution.
You die...

#######
##5.....##
##........#
#..........
#..........
#r@5.......
#@5r.......
#Br........
##b........
##........#
#..........
#..........
#..........
#..........
#..........


You could see Eustachio, 2 crimson imps, an ufetubus (summoned), 2 quokkas, a
giant cockroach, a bat (summoned) and a rat (summoned).

Vanquished Creatures
  An ogre (D:3)
  An orc priest (D:3)
  2 adders
  2 worms
  A dart slug (D:2)
  3 orcs (D:3)
  3 ball pythons
  2 giant cockroaches (D:1)
  2 goblins (D:2)
  5 hobgoblins
  3 jackals (D:2)
  5 quokkas
  2 bats (D:1)
  2 frilled lizards (D:2)
  10 kobolds
  3 rats (D:3)
47 creatures vanquished.

Notes
Turn   | Place    | Note
-------+----------+-------------------------------------------
     0 | D:1      | Borgoz the Gargoyle Berserker began the quest for the Orb.
     0 | D:1      | Reached XP level 1. HP: 14/14 MP: 1/1
    44 | D:1      | Found Liuh's General Store.
    45 | D:1      | Found Lyej's Book Shop.
   277 | D:1      | Reached XP level 2. HP: 12/19 MP: 2/2
   309 | D:1      | Found a faded altar of an unknown god.
   327 | D:1      | Found Xiubbips's Assorted Antiques.
   873 | D:2      | Found Nistrenyic's Antique Weapon Emporium.
  1059 | D:2      | Reached XP level 3. HP: 23/23 MP: 3/3
  1263 | D:3      | Reached XP level 4. HP: 29/29 MP: 4/4
  1277 | D:3      | Reached ** piety under Trog
  1338 | D:3      | Found a sparkling altar of Nemelex Xobeh.
  1540 | D:3      | Noticed an ogre
  1546 | D:3      | Killed an ogre
  1547 | D:3      | Reached XP level 5. HP: 33/33 MP: 5/5
  1751 | D:4      | Noticed Eustachio
  1773 | D:4      | Slain by Eustachio

Illustrated notes

Levels and vault maps discovered:
D:1:      spicycebolla_arrival_risky_transporter, layout_basic, serial_shops,
          shop, nicolae_shop_stone, shop, hellmonk_ecumenical_altar_run_dry,
          hangedman_decor_opposing
D:2:      layout_rooms, serial_shops, nicolae_shop_stone, minmay_split_cup_small
D:3:      layout_rooms, nemelex_diamond_rough_becter
D:4:      layout_rooms, grunt_temple_overflow_order_and_chaos_1,
          kennysheep_ying_yang, serial_shops, shop, uniq_eustachio

Skill      XL: |  1  2  3  4 |
---------------+-------------+-----
Dodging        | 2 |  2.4
Maces & Flails | 4 |  4.5
Armour         | 3 |  3.3
Fighting       | 4 |  4.2

Action                     |  1- 3 |  4- 6 || total
---------------------------+-------+-------++-------
  Melee: Mace              |   116 |    63 ||   179
         Punch             |     3 |     3 ||     6
 Invoke: Berserk           |     3 |     2 ||     5
    Use: Scroll            |     3 |       ||     3
         Potion            |       |     1 ||     1
 Armour: Animal skin       |    19 |       ||    19
         Scale mail        |    42 |    72 ||   114
  Dodge: Dodged            |   103 |    73 ||   176
